[Event "Susha Chess Blitz 2022"]
[Site "Shusha"]
[Date "2022.09.24"]
[Round "2"]
[White "Mamedov, Rauf"]
[Black "Kasimdzhanov, Rustam"]
[Result "1-0"]
[ECO "E10"]
[WhiteElo "2646"]
[BlackElo "2670"]
[Annotator "TA"]
[PlyCount "75"]
[EventDate "2022.09.24"]
[EventType "tourn"]
[EventCountry "AZE"]
[SourceTitle "playchess.com"]
[Source "ChessBase"]
[SourceQuality "1"]
[TimeControl "180+2"]

1. d4 {[%emt 0:00:02] Atalik,S} Nf6 2. c4 e6 3. Nf3 d5 4. e3 b6 5. Nc3 Bb7 6. cxd5 exd5 7. Bb5+ c6 8. Bd3 Be7 9. O-O O-O 10. b3 {[%emt 0:00:01] E14: Queen's Indian: Classical Variation (4 e3).} Nbd7 11. Bb2 Re8 12. Re1 {[%emt 0:00:03] White is slightly better.} (12. Ne5 {seems wilder.} Bb4 13. f4 Rc8 14. Rc1) 12... Bd6 13. Qc2 Rc8 14. Rad1 Bb8 (14... g6 $11) 15. Bf5 {[%emt 0:00:03] [#]} (15. e4 $14) 15... g6 $146 ({Predecessor:} 15... Qc7 16. g3 Rcd8 17. b4 a6 18. a4 b5 19. a5 Qd6 20. Ba3 Bc7 21. Ra1 Re7 22. Nd2 h5 {1-0 (62) Atalik,S (2561)-Buono,M (2133) Bratto 2005 CBM 108 Extra [Atalik,S]}) 16. Bh3 Bd6 17. Qb1 (17. Ne5 $14) 17... Rc7 18. g3 Nf8 19. Ne5 Bb4 20. a3 Bd6 (20... Bxc3 $11 21. Bxc3 Ne4) 21. b4 $14 Bc8 22. Bg2 Bf5 23. Qa2 a6 {[%emt 0:00:09] Against b5} ({Less strong is} 23... Bxe5 24. dxe5 N6d7 25. f4 $16) 24. Qb3 N8d7 ({Black should play} 24... b5 $14) 25. e4 $16 {[%emt 0:00:20] White is more active.} Be6 (25... Bxe5 $16 {might work better.} 26. dxe5 Nxe4) 26. exd5 cxd5 27. Nxd5 Nxd5 28. Bxd5 Bxe5 29. Bxe6 Rxe6 30. dxe5 h5 31. Rd6 Qe8 {[%emt 0:00:01] Strongly threatening ...Rxd6.} 32. Red1 Nf8 33. Rd8 Qc6 (33... Qe7 $142 34. Qd3 b5) 34. Qe3 $18 {[%emt 0:00:08] Hoping for Qh6.} Kg7 {[%emt 0:00:06] Inhibits Qh6+.} (34... Re8 $142 35. e6 Rxd8 36. Rxd8 Qxe6) 35. Bc1 {[%emt 0:00:06] Intending Qh6+ and mate.} g5 36. Qxg5+ Rg6 37. Qxh5 {[%emt 0:00:07][%cal Od8f8] Threatening mate with Rxf8!} Qe4 {[%emt 0:00:03] [#]} 38. Bg5 {[%emt 0:00:07] Weighted Error Value: White=0.10 (very precise) /Black=0.55} (38. Rxf8 $142 $1 Qe1+ 39. Rxe1 Kxf8 40. Qh8+ Ke7 {[#]} 41. Bg5+ $1 Ke6 42. Bd8 Ra7 43. Qh3+ Kd5 44. Rd1+ Kc6 45. Qc8+ Rc7 46. Qxa6) 1-0

[Event "Susha Chess Blitz 2022"]
[Site "Shusha"]
[Date "2022.09.24"]
[Round "3"]
[White "Wang, Hao"]
[Black "Kasimdzhanov, Rustam"]
[Result "0-1"]
[ECO "C78"]
[WhiteElo "2722"]
[BlackElo "2670"]
[Annotator "TA"]
[PlyCount "60"]
[EventDate "2022.09.24"]
[EventType "tourn"]
[EventCountry "AZE"]
[SourceTitle "playchess.com"]
[Source "ChessBase"]
[SourceQuality "1"]
[TimeControl "180+2"]

1. e4 e5 2. Nf3 Nc6 3. Bb5 a6 4. Ba4 Nf6 5. O-O Bc5 6. c3 b5 7. Bc2 {[%emt 0:00:01] aiming for d4.} d5 {[%emt 0:00:01] C78: Ruy Lopez: Archangelsk and Möller Defences.} 8. d4 {[%emt 0:00:02] [#] Strongly threatening exd5.} (8. a4 $5 ) 8... dxe4 9. Nbd2 exf3 {[%emt 0:00:05] The position is equal.} 10. Qxf3 Be7 {[%emt 0:00:38] ...Qd5 is the strong threat.} ({Don't do} 10... e4 11. Nxe4 (11. Bxe4 Nxe4 12. Qxe4+ Be7 $16) 11... Bxd4 12. cxd4 $16) 11. Qxc6+ Bd7 12. Qf3 exd4 13. Ne4 O-O 14. Rd1 c5 15. Bg5 Re8 {[%emt 0:00:21] [#] Threatens to win with ...Nxe4.} 16. b4 $146 (16. Bxf6 $11 Bxf6 17. Nxc5) ({Predecessor:} 16. Bxf6 Bxf6 17. Nxc5 Bc6 18. Qxc6 Rc8 19. Qxa6 Rxc5 20. g3 Qc8 21. Qxc8 Rexc8 22. Bb3 dxc3 23. bxc3 Rxc3 {½-½ (31) Zhang,Z (2640)-Bu,X (2708) Hangzhou 2022}) 16... Nxe4 $19 ({Worse is} 16... cxb4 17. Bxf6 Bxf6 18. Nxf6+ Qxf6 19. Qxf6 gxf6 20. Rxd4 $11) 17. Qxe4 {[%emt 0:00:25] [#]} Bxg5 {[%emt 0:00:02] Dancing on a razor blade.} (17... g6 $142 $1 18. Bxe7 Rxe7) 18. Qxh7+ $17 Kf8 19. bxc5 $2 ({Only move:} 19. Qh8+ $1 $15 Ke7 20. Qh5) 19... Qf6 $19 20. Be4 Rac8 21. cxd4 g6 22. Bf3 Bf5 23. c6 $2 (23. g3 Qg7 24. Qxg7+ Kxg7 25. c6) 23... Bc2 24. d5 Bxd1 25. Rxd1 Bf4 26. g3 Bd6 {[%emt 0:00:04] And now ...Ke7 would win.} 27. Bg4 Rc7 {[%emt 0:00:17] White must now prevent ...Re4.} 28. Qh6+ Kg8 {[%emt 0:00:01] Black is clearly winning.} 29. Bd7 (29. h3 $142) 29... Re2 30. Rf1 Bc5 {[%emt 0:00:04] Weighted Error Value: White=0.71/Black=0.42} 0-1

[Event "Susha Chess Blitz 2022"]
[Site "Shusha"]
[Date "2022.09.24"]
[Round "3"]
[White "Maghsoodloo, Parham"]
[Black "Durarbayli, Vasif"]
[Result "1/2-1/2"]
[ECO "E17"]
[WhiteElo "2721"]
[BlackElo "2628"]
[Annotator "TA"]
[PlyCount "117"]
[EventDate "2022.09.24"]
[EventType "tourn"]
[EventCountry "AZE"]
[SourceTitle "playchess.com"]
[Source "ChessBase"]
[SourceQuality "1"]
[TimeControl "180+2"]

1. d4 Nf6 2. c4 e6 3. Nf3 b6 4. g3 Bb7 5. Bg2 Be7 6. O-O O-O 7. Re1 c5 8. d5 {[%emt 0:00:13] E17: Queen's Indian: 4 g3 Bb7 5 Bg2 Be7.} exd5 9. Nh4 g6 10. cxd5 {[%emt 0:00:02] White is slightly better.} d6 11. Nc3 Re8 {[%emt 0:00:00] [#]} 12. h3 $146 ({Predecessor:} 12. e4 Bf8 13. Rb1 Nbd7 14. Bf1 a6 15. a4 Qc7 16. b3 Re7 17. f4 Rae8 18. e5 {1-0 (37) Kozul,Z (2639)-Piangerelli,M (2065) Cattolica 2022}) 12... Nbd7 13. a4 a6 14. e4 Bf8 {[%emt 0:00:04] Prevents Bh6.} 15. Nf3 (15. Bf1 $14) 15... b5 $11 16. Qc2 Qb8 (16... b4 $15 17. Nb1 c4) 17. b3 Bg7 {[%emt 0:00:16] And now ...b4 would win.} 18. Bb2 c4 (18... b4 $11 {keeps the balance.}) 19. b4 $16 (19. axb5 $6 cxb3 20. Qxb3 Nc5 $11) 19... bxa4 (19... h6 $142) 20. Rxa4 Qc7 21. b5 (21. Bc1 $16) 21... axb5 (21... Nc5 $11 22. b6 (22. Rxc4 Nfd7 $11) 22... Qxb6 23. Rxc4 Nfxe4 24. Nxe4 Bxb2) 22. Nxb5 Qb6 23. Rb4 {[%emt 0:00:20] Black must now prevent Bd4.} ({Reject} 23. Qxc4 Rxa4 24. Qxa4 Nc5 $15) 23... Ba6 24. Bd4 Qa5 {[%emt 0:00:16] [#]} (24... Nc5 $11 25. Qb2 (25. Qxc4 Nfxe4 26. Bxg7 Kxg7 $11) 25... Qd8) 25. Qxc4 $2 {[%emt 0:00:28] White has more active pieces.} (25. Ra4 $1 $16 {[%cal Ra4a5] is forced if you want to stay better.} Qxb5 26. Rb1) 25... Rec8 $17 26. Qb3 Nc5 27. Qb1 Nd3 $1 $36 {[%emt 0:00:06][%mdl 2112] Deflection. Keeping White busy.} 28. Qxd3 Qxb4 $19 29. Bf1 Rab8 30. Rb1 Bxb5 31. Rxb4 Bxd3 {[%emt 0:00:01][%mdl 64] Discovered Attack} 32. Rxb8 Rxb8 33. Bxd3 Rb3 34. Ne1 Nd7 35. Bxg7 Kxg7 {[%emt 0:00:01][%mdl 4096] Endgame KRN-KBN} 36. f3 (36. Bc2 $142 Ra3 37. Kf1) 36... Rb2 37. Kf1 Rd2 38. Be2 g5 (38... f5 $19 39. exf5 gxf5) 39. Ng2 $17 Ra2 40. Ne3 Kf6 41. Nf5 Ke5 42. Ne3 (42. Nh6 $17 {keeps fighting.}) 42... Kd4 43. Nf5+ Kc5 44. h4 gxh4 (44... g4 $142 45. Kf2 Ne5 46. fxg4 Nxg4+ 47. Kf3 h5) 45. Nxh4 Ne5 (45... Nb6 $17 46. Kf2 Nc4) 46. Nf5 $15 f6 47. f4 (47. Ng7 $15) 47... Nf7 ({Black should try} 47... Nd7 $17 48. Kf2 Nb6) 48. Kf2 Ra3 49. Ng7 Kd4 50. Bf3 (50. Ne8 $11 {and White stays safe.}) 50... Ra2+ $19 51. Kg1 Ke3 52. Bg2 (52. Bh5 {was the only defense.} Nh6 53. Ne8 Kxe4 54. Nxd6+ Kxd5 55. Ne8) 52... Ra1+ (52... Nh6 $142 {aiming for ...Ra1+.} 53. Kh2 Kf2) 53. Kh2 {[%emt 0:00:01] [#]} Kf2 $2 (53... Nh6 $1 $19 {...Kf2 is the strong threat.} 54. Ne8 Ng4+ 55. Kh3 Nf2+ 56. Kh2 Nxe4 57. Bxe4 Kxe4 58. Nxf6+ Kf5 59. Nxh7 Ra5) 54. Nh5 $1 $11 Ra3 55. g4 (55. Bh3 $11) 55... Ke3 ({Better is} 55... Nh8 $1 $15 56. Nxf6 Ng6) 56. Kg3 {[%emt 0:00:03] The position is equal.} Ke2+ 57. Kh2 $1 Ke3 58. Kg3 Ke2+ 59. Kh2 $1 {[%emt 0:00:01] Weighted Error Value: White=0.29 (precise) /Black=0.30} 1/2-1/2

[Event "Susha Chess Blitz 2022"]
[Site "Shusha"]
[Date "2022.09.24"]
[Round "3"]
[White "Vidit, Santosh Gujrathi"]
[Black "Guseinov, Gadir"]
[Result "1-0"]
[ECO "E62"]
[WhiteElo "2710"]
[BlackElo "2661"]
[Annotator "TA"]
[PlyCount "63"]
[EventDate "2022.09.24"]
[EventType "tourn"]
[EventCountry "AZE"]
[SourceTitle "playchess.com"]
[Source "ChessBase"]
[SourceQuality "1"]
[TimeControl "180+2"]

1. d4 Nf6 2. c4 g6 3. g3 Bg7 4. Bg2 O-O 5. Nc3 d6 6. Nf3 Nc6 7. O-O Bf5 {[%emt 0:00:01] 7...e5 is a critical line.} 8. d5 Na5 9. b3 {[%emt 0:00:01] E62: King's Indian: Fianchetto: 6...c6 and Panno Variation (6...Nc6) without ...a6.} c6 {[%emt 0:00:19] [#]} (9... Ne4 $11 {remains equal.} 10. Nxe4 Bxa1) 10. Bb2 $5 $146 {[%emt 0:00:02][%mdl 8] New and interesting.} ({Predecessor:} 10. Nd4 Bd7 11. dxc6 Nxc6 12. Bb2 Nxd4 13. Qxd4 Bc6 14. Nd5 Bxd5 15. Bxd5 Ne8 16. Qd2 Bxb2 17. Qxb2 Qc7 18. Rfd1 Nf6 19. Bf3 a5 20. Rac1 Rac8 21. h4 h5 22. Kg2 Rfd8 {½-½ (40) Matlakov,M (2674)-Guseinov,G (2661) Chess.com INT 2022}) 10... cxd5 11. cxd5 {[%emt 0:00:01] White is slightly better.} Rc8 12. Nd4 Bd7 13. Qd2 Qb6 14. Rfd1 Ng4 {[%emt 0:00:11] [#]} 15. e3 (15. Ne4 $1 $16) 15... Ne5 ({Black should play} 15... e5 $14) 16. Rab1 $16 Rc7 (16... Qb4 $16 17. Qe2 Ng4) 17. h3 Rfc8 18. f4 Nec4 19. bxc4 Nxc4 20. Qe2 Qa5 {[%emt 0:00:05] ...Bxd4 is the strong threat.} 21. Ba1 Na3 (21... Bxd4 $16 {keeps fighting.} 22. exd4 (22. Rxd4 Nb6 $16) 22... b5) 22. Rb3 $18 Rxc3 $2 (22... a6 23. Bb2 Rxc3) 23. Bxc3 (23. Rxc3 Rxc3 24. Bxc3 Qxc3 $16) 23... Rxc3 24. Qd2 ({But not} 24. Rxb7 Ba4 25. Rd3 (25. Rxe7 Bf8 $11) 25... Rc1+ 26. Kh2 Nc2) 24... Bxd4 (24... Nb5 25. Ne2 Qc7) 25. exd4 ({Less strong is} 25. Qxd4 Nb5 26. Qd2 Qc7 $16) 25... Nb5 26. Re1 Kf8 27. f5 {[%emt 0:00:43] White is clearly winning.} g5 28. Kh2 h6 29. a4 Qc7 30. Rb2 Na3 {[%emt 0:00:04] [#]} 31. Rxb7 Qxb7 32. Qxc3 {Weighted Error Value: White=0.29 (precise) /Black=0.54} 1-0

[Event "Susha Chess Blitz 2022"]
[Site "Shusha"]
[Date "2022.09.24"]
[Round "3"]
[White "Mamedov, Rauf"]
[Black "Mamedyarov, Shakhriyar"]
[Result "0-1"]
[ECO "C26"]
[WhiteElo "2646"]
[BlackElo "2757"]
[Annotator "TA"]
[PlyCount "52"]
[EventDate "2022.09.24"]
[EventType "tourn"]
[EventCountry "AZE"]
[SourceTitle "playchess.com"]
[Source "ChessBase"]
[SourceQuality "1"]
[TimeControl "180+2"]

1. e4 e5 2. Nc3 Nf6 3. g3 Bc5 4. Bg2 a6 5. d3 Nc6 6. Nge2 d6 {[%emt 0:00:02] C26: Vienna Game: 2...Nf6, sidelines .} 7. h3 Be6 8. O-O h6 {[%emt 0:00:32] The position is equal.} 9. a3 d5 10. exd5 Nxd5 {[%emt 0:00:01] [#]} 11. Nxd5 $146 (11. Kh2 $5 ) ({Predecessor:} 11. Kh2 O-O 12. f4 exf4 13. Nxf4 Nxf4 14. Bxf4 Rb8 15. Ne4 Be7 16. Qh5 f5 17. Qg6 {1-0 (34) Fromberg,E-Krueger,M (2023) Germany 2011}) 11... Bxd5 12. Bxd5 Qxd5 13. b4 Ba7 (13... Bb6 $5 ) 14. Rb1 O-O-O 15. Kh2 f5 16. Qe1 (16. a4 $15) 16... g5 17. a4 e4 $1 18. dxe4 Qxe4 {[%emt 0:00:03] White must now prevent ...Rhe8.} 19. b5 Ne5 {[%emt 0:00:07][%cal Bc6e5,Be5f3,Bf3g1][%mdl 32] ( -> ...Nf3+)} ({Much less strong is} 19... Qxc2 20. Rb2 Qxa4 21. bxc6 Qxc6 22. f4 $14) 20. Ng1 Qxe1 {[%emt 0:00:26] Black is much more active.} (20... Rhe8 $1 $17 21. Qxe4 fxe4 22. bxa6 bxa6) 21. Rxe1 $15 Rhe8 $36 {[%emt 0:00:02][%cal Oe5g4][%mdl 2048] Threatens to win with ...Ng4+! Black has good play.} 22. Re2 $2 {[%emt 0:00:09] [#] This move loses the game for White.} (22. Kg2 $11 {and White stays safe.}) 22... Nf3+ $1 $19 23. Kg2 {[%emt 0:00:07] [#]} Nxg1 24. Rxe8 Rxe8 25. Kxg1 Re1+ 26. Kg2 Re2 {[%emt 0:00:01][%csl LRc2,LRf2] Weighted Error Value: White=0.32/Black=0.18 (very precise)} 0-1

[Event "Susha Chess Blitz 2022"]
[Site "Shusha"]
[Date "2022.09.24"]
[Round "3"]
[White "Yilmaz, Mustafa"]
[Black "Radjabov, Teimour"]
[Result "0-1"]
[ECO "D37"]
[WhiteElo "2633"]
[BlackElo "2747"]
[Annotator "TA"]
[PlyCount "113"]
[EventDate "2022.09.24"]
[EventType "tourn"]
[EventCountry "AZE"]
[SourceTitle "playchess.com"]
[Source "ChessBase"]
[SourceQuality "1"]
[TimeControl "180+2"]

1. d4 Nf6 2. c4 e6 3. Nf3 d5 4. Nc3 Be7 5. Bf4 O-O 6. e3 Nbd7 7. c5 Nh5 8. Bd3 {[%emt 0:00:03] D37: Queen's Gambit Declined: 5 Bf4.} Nxf4 9. exf4 c6 10. b4 {[%emt 0:00:08] The position is equal.} Qc7 {[%emt 0:00:03] is the legacy move (10...b6).} 11. g3 a5 $5 {[%emt 0:00:06][%mdl 4] Exploring less charted territory.} 12. a3 f6 {[%emt 0:00:05] [#]} 13. Qb1 $146 (13. O-O $142) ({Predecessor:} 13. O-O e5 14. Qe2 e4 15. Nxe4 Rf7 16. Nc3 Nf8 17. f5 g6 18. Qc2 Kg7 19. b5 {½-½ (66) Onischuk,A (2641)-Vaganian,R (2664) Moscow 2002}) 13... Kh8 (13... axb4 $11 14. axb4 Rxa1 15. Qxa1 e5) 14. Bxh7 (14. b5 $14) 14... axb4 $15 15. Ne2 f5 16. Bg6 Rf6 (16... bxa3 $17 17. O-O b6 18. cxb6 Qxb6 19. Qxb6 Nxb6) 17. Be8 $14 bxa3 (17... Rxa3 18. Rxa3 bxa3 19. Bxd7 Bxd7 20. Qb4) 18. Ng5 (18. O-O $14) 18... Nf8 (18... Qa5+ $17 19. Kf1 b5) 19. Kf1 (19. h4 $11) 19... Kg8 (19... Qd8 $5 20. Bh5 (20. Nf7+ Rxf7 21. Bxf7 g6 $17) 20... b5 21. cxb6 Rb8 $17) 20. Qd3 b6 (20... Qd8 $15 21. Bh5 Qa5) 21. Kg2 $2 (21. Rxa3 $11 {and White is okay.} Rb8 22. Rb3) 21... Ba6 $2 (21... bxc5 $19 22. dxc5 Bb7) 22. Qxa3 $11 bxc5 23. dxc5 (23. Qa4 $5 ) 23... e5 ({Don't do} 23... Bb7 24. Qb4 Rxe8 25. Ra7 $14) 24. fxe5 Qxe5 25. Nf4 (25. Rhe1 $11) 25... Bf1+ ({Much less strong is} 25... Rxe8 26. Rhe1 Qb8 27. Qxa6 Bxc5 28. h4 $14) (25... Qb8 $1 $17 {aiming for ...Bf1+.} 26. Rhb1 Qxe8) 26. Rhxf1 Rxa3 27. Rxa3 Bxc5 ({Better is} 27... Qb8 $17 28. Rfa1 Qxe8) 28. Ra8 g6 (28... Qb2 $11) 29. Nxg6 ({White should play} 29. Rc8 $16) 29... Nxg6 30. Bxg6+ (30. Bf7+ $1 $11 {was the only way to keep the balance.} Kg7 31. Rg8+ Kh6 32. Bxg6) 30... Kg7 ({Black should try} 30... Rf8 $17 31. Bh7+ Kg7 32. Rxf8 Kxf8) 31. Be8 $2 (31. Re8 $15 Be7 32. Nf3) 31... f4 $19 32. Nf3 Qe2 (32... Qf5 $19 {is more deadly. Threatens to win with ...fxg3.} 33. Ra2 fxg3 34. fxg3 Be3) 33. Bh5 $17 Qb2 {[%emt 0:00:08] Really sharp!} (33... fxg3 $17 34. hxg3 Rf8) 34. Rc8 Re6 (34... fxg3 $15 35. hxg3 Qc2 36. Rc7+ Kf8) 35. Rc7+ $11 Kh6 36. Bg4 Qc2 $2 {[%emt 0:00:09][%mdl 8192] Active counter play!} 37. Bxe6 $18 Bb6 38. Rb7 Bc5 39. Nh4 $2 (39. g4 {White wants to mate with Bf5.} Qe2 40. Bf5) 39... Qe4+ 40. Kg1 $1 Qxe6 {[%emt 0:00:01] [#]} 41. Rc7 $2 (41. Nf3 $1 $18) 41... Bb6 $2 {[%emt 0:00:01][%mdl 8192] [#]} (41... d4 $1 $11) 42. Re7 $3 Qh3 (42... Bxf2+ 43. Rxf2 Qg8 44. Rxf4) (42... Qg8 43. Rb1) 43. Rfe1 fxg3 $2 (43... Bxf2+ 44. Kxf2 Qxh2+ 45. Kf1 Qh3+ 46. Ke2 fxg3) 44. R1e6+ Kg5 45. Rg7+ Kh5 46. hxg3 $4 Qxe6 $19 47. Ng2 {[%emt 0:00:04] Prevents Qe1+.} Kh6 48. Rb7 Bd4 49. Rc7 c5 50. Kh2 Qe2 51. Rc6+ Kg7 52. Rc7+ Kf8 53. Nf4 Qxf2+ 54. Kh3 Qf3 55. Ra7 Ke8 {[%emt 0:00:00] ( -> ...c4)} 56. Rb7 Bf2 57. Rg7 {Weighted Error Value: White=0.83/Black=0.91} 0-1

[Event "Susha Chess Blitz 2022"]
[Site "Shusha"]
[Date "2022.09.24"]
[Round "4"]
[White "Mamedyarov, Shakhriyar"]
[Black "Mamedov, Rauf"]
[Result "1-0"]
[ECO "A45"]
[WhiteElo "2757"]
[BlackElo "2646"]
[Annotator "TA"]
[PlyCount "39"]
[EventDate "2022.09.24"]
[EventType "tourn"]
[EventCountry "AZE"]
[SourceTitle "playchess.com"]
[Source "ChessBase"]
[SourceQuality "1"]
[TimeControl "180+2"]

1. d4 Nf6 2. Nc3 d6 3. e4 e5 4. Nf3 exd4 5. Nxd4 g6 6. Bf4 {[%emt 0:00:21] C41: Philidor Defence.} Bg7 7. Qd2 O-O 8. O-O-O {[%emt 0:00:01] White is slightly better.} a6 9. f3 {[%emt 0:00:13] White is more active.} b5 10. Bh6 b4 {[%emt 0:00:12] [#]} (10... Bxh6 $142 11. Qxh6 Bd7) 11. Bxg7 $1 $16 Kxg7 {[%emt 0:00:03] [#]} 12. Nce2 $146 ({Don't do} 12. Nd5 Nxd5 13. exd5 a5 $14) ({Predecessor:} 12. Nd5 c5 13. Nf5+ Bxf5 14. exf5 Nc6 15. Nxf6 Qxf6 16. Qxd6 Rfd8 17. Qxf6+ Kxf6 18. Rxd8 Nxd8 19. fxg6 fxg6 {1-0 (59) Garic,R (2244)-Trost,E (2184) Chess.com INT 2020}) 12... a5 13. g4 Bd7 (13... Nfd7 $16 {is a better defense.}) 14. h4 Nc6 15. Nxc6 Bxc6 16. h5 {[%emt 0:00:01] [#] Strongly threatening hxg6.} b3 $2 (16... Qe7 {keeps fighting.} 17. Nd4 (17. hxg6 fxg6 18. Qh6+ Kh8 $18) 17... Bd7 18. hxg6 fxg6 19. Qh6+ Kh8 20. Qxg6 Rg8) 17. axb3 $18 {[%emt 0:00:26] White is clearly winning.} a4 18. Qc3 axb3 19. Qxc6 Nd7 20. Qc3+ {[%emt 0:00:10] White took control after the opening.  Weighted Error Value: White=0.12 (very precise) /Black=0.59} 1-0

[Event "Susha Chess Blitz 2022"]
[Site "Shusha"]
[Date "2022.09.24"]
[Round "4"]
[White "Radjabov, Teimour"]
[Black "Yilmaz, Mustafa"]
[Result "1-0"]
[ECO "D38"]
[WhiteElo "2747"]
[BlackElo "2633"]
[Annotator "TA"]
[PlyCount "69"]
[EventDate "2022.09.24"]
[EventType "tourn"]
[EventCountry "AZE"]
[SourceTitle "playchess.com"]
[Source "ChessBase"]
[SourceQuality "1"]
[TimeControl "180+2"]

1. d4 Nf6 2. Nf3 d5 3. c4 e6 4. Nc3 Bb4 5. Bg5 h6 6. Bxf6 Qxf6 7. e3 O-O 8. a3 Bxc3+ 9. bxc3 dxc4 {[%emt 0:00:16] D38: Queen's Gambit Declined: Ragozin Defence (4 Nf3 Bb4).} 10. Bxc4 b6 {[%emt 0:00:00] [#]} 11. a4 $146 ({Predecessor:} 11. O-O Bb7 12. Ne5 Qg5 13. g3 Nc6 14. h4 Qe7 15. Nxc6 Bxc6 16. Be2 e5 17. d5 {0-1 (65) Kaasen,T (2475)-Hammer,J (2628) Sandefjord 2017}) 11... Nc6 {[%emt 0:00:07] The position is equal.} 12. Bd3 Bb7 13. O-O Rfd8 14. Qe2 Na5 15. Ne5 c5 16. f4 cxd4 17. cxd4 g6 18. Qg4 Qg7 19. Qh4 Nc6 (19... Rac8 $14) 20. Be4 $16 {[%emt 0:00:12] White has more active pieces.} Na5 21. Bxb7 Nxb7 22. Rac1 Nd6 23. Rc7 $1 Rac8 (23... a6 $16 24. Ra1 b5) 24. Rfc1 (24. Rxa7 $18 Ra8 25. Rc7) 24... g5 (24... Rf8 $16 25. Qe1 Rxc7 26. Rxc7 Rc8 27. Rxa7 Qf8) 25. fxg5 $18 hxg5 {[%emt 0:00:01] [#]} 26. Qe1 (26. Qg3 $1 $18) 26... Rxc7 (26... Qh7 $16 27. h3 (27. Rxa7 Rxc1 28. Qxc1 Rc8 $16) 27... Qh4) 27. Rxc7 Rc8 28. Rd7 Qf8 {[%emt 0:00:06] [#]} 29. h4 $2 ({Less strong is} 29. Rxa7 Rc2 $11) (29. e4 $1 $18) 29... f6 $2 (29... Nf5 $1 $11 {and Black stays safe.} 30. Qf2 (30. Rxa7 $2 Qa3 $19) 30... gxh4) 30. Ng4 $2 (30. Qb1 $18 {[%csl Gd7][%cal Rb1h7] and White stays clearly on top.} Nf5 31. Ng4) 30... Rd8 $2 (30... f5 $16 {is tougher.} 31. Ne5 g4) 31. hxg5 $2 $40 {[%emt 0:00:10][%mdl 128] White attacks with force.} fxg5 $2 (31... Rxd7 $16 32. Nxf6+ Kg7) 32. Rxa7 {[%emt 0:00:08] Qb1 is the strong threat.} Nf5 33. Qb1 {[%emt 0:00:03] Threatens to win with Qb5.} Qd6 {[%emt 0:00:01] [#]} (33... Rc8 $18 34. Qxb6 Qd6 35. Nf6+ Kf8 36. Nh7+ Ke8 37. Qxd6 Nxd6 38. Nxg5 Rc3) 34. Nh6+ $1 Kf8 35. Nxf5 {[%emt 0:00:03] Weighted Error Value: White=0.61/Black=0.84} 1-0

[Event "Susha Chess Blitz 2022"]
[Site "Shusha"]
[Date "2022.09.24"]
[Round "4"]
[White "Kasimdzhanov, Rustam"]
[Black "Wang, Hao"]
[Result "1/2-1/2"]
[ECO "B40"]
[WhiteElo "2670"]
[BlackElo "2722"]
[Annotator "TA"]
[PlyCount "104"]
[EventDate "2022.09.24"]
[EventType "tourn"]
[EventCountry "AZE"]
[SourceTitle "playchess.com"]
[Source "ChessBase"]
[SourceQuality "1"]
[TimeControl "180+2"]

1. e4 c5 2. Nf3 e6 3. c3 Nf6 4. e5 Nd5 5. Bc4 d6 6. d4 cxd4 7. cxd4 Be7 8. O-O {[%emt 0:00:03] B22: Sicilian: 2 c3.} O-O 9. Qe2 b6 10. Nc3 Nxc3 11. bxc3 Bb7 12. Bf4 Qc7 13. Bd3 Nd7 14. Rfe1 Rac8 15. Rac1 Bxf3 16. Qxf3 {[%emt 0:00:03] [#] Black must now prevent Qg3.} dxe5 17. dxe5 Rfd8 {[%emt 0:00:02] [#]} 18. Ba6 $146 ({Predecessor:} 18. h4 Qc6 19. Be4 Qc4 20. h5 Nc5 21. Bb1 Rd7 22. Re3 Rcd8 23. Rf1 Nd3 24. Re4 {1-0 (43) Schmidt,K (2247)-Alquist,E (2035) Helsingor 2018}) 18... Rb8 19. Bb5 Nf8 20. h3 Rd5 21. c4 Rd4 22. Be3 Rdd8 23. Qe4 Ng6 24. Rcd1 Bc5 (24... Nxe5 $6 25. Bf4 f6 26. Bxe5 fxe5 27. Qg4 $11) 25. Bg5 Be7 26. Be3 h6 (26... Nxe5 $6 27. Bf4 f6 28. Bxe5 fxe5 29. Qg4 $11) 27. Kh1 (27. f4 $15) 27... Bc5 ({Of course not} 27... Qxe5 $6 28. Qxe5 Nxe5 29. Bf4 $15) (27... Nxe5 $6 28. Bf4 f6 29. Bxe5 Qxe5 30. Qxe5 fxe5 31. Bd7 $11) 28. f4 Bxe3 29. Qxe3 Ne7 30. g4 Rxd1 31. Rxd1 {[%emt 0:00:01] [#]} Rd8 {[%emt 0:00:01] Prevents Rd7.} (31... a6 $1 $17 32. Ba4 (32. Bxa6 $2 Qc6+ 33. Kg1 Qa4 $19) 32... Qxc4) 32. Rd4 (32. Rxd8+ $15 Qxd8 33. Ba4) 32... Rxd4 (32... Qb7+ {with more complications.} 33. Kh2 Rxd4 34. Qxd4 Ng6) 33. Qxd4 $17 {[%emt 0:00:01][%mdl 4096] Endgame KQB-KQN} g5 (33... Ng6 $17 {And now ...Qb7+ would win.} 34. Kh2 Qe7) 34. fxg5 $1 $11 hxg5 35. Qd6 Qb7+ 36. Kg1 {[%emt 0:00:01] Active counter play!} Kg7 37. Qd8 Ng6 {[%emt 0:00:09] aiming for ...a6.} 38. Qxg5 (38. Qf6+ $11 Kg8 39. Qxg5 (39. Qd8+ Kh7 $15)) 38... Qf3 (38... a6 $15 39. Qf6+ Kg8) 39. Qf6+ $1 {[%emt 0:00:05] The position is equal.} Qxf6 40. exf6+ Kxf6 {[%emt 0:00:01] KB-KN} 41. Kf2 Kg5 {[%emt 0:00:03] ...Kh4 is the strong threat.} 42. Kg3 f5 43. gxf5 exf5 44. Bd7 f4+ 45. Kf2 Ne5 46. Be6 Kh4 47. Kg2 Kg5 48. Kf2 a5 49. a3 Kf6 50. Bd5 Kg5 51. Be6 Kh4 52. Kg2 Kg5 {Weighted Error Value: White=0.10 (very precise) /Black=0.12 (very precise)} 1/2-1/2